AoeStats
← Hydro

Arabia

510205963Analyzed
1v1 RM · 15h ago on Sep 29, 2026· 48m 10s· 2 players
Game mode
Random Map
Map size
Tiny (2 player)
Population
200
Speed
Normal
Resources
Standard
Victory
Conquest
Starting age
Dark Age
Ending age
Imperial Age
RankedLock teamsTeams togetherTeam positionsShared explorationLock speedFull tech treeHidden civsTurbo modeCheats
Victory
Defeat
🇧🇷 Britons · Brazil
837
+16
🇵🇪 Britons · Peru
829
-16
Hydro
0:42 Loom
13:23 Feudal Age
17:32 Castle Age
15:42 Double-Bit Axe
17:57 Stone Mining
17:59 Gold Mining
35:15 Bow Saw
42:24 Town Watch
42:30 Town Watch
42:32 Light Cavalry
44:36 Husbandry
47:54 Imperial Age
47:15 Scale Barding Armor
LucasOliveira98
7:25 Loom
9:38 Feudal Age
10:25 Double-Bit Axe
15:09 Fletching
23:22 Castle Age
21:30 Horse Collar
21:52 Gold Mining
24:31 Crossbowman
32:50 Bow Saw
33:19 Heavy Plow
35:34 Forging
35:30 Scale Barding Armor
38:43 Gold Shaft Mining
39:33 Iron Casting
39:24 Husbandry
39:09 Elite Skirmisher
43:48 Imperial Age
41:15 Light Cavalry
42:48 Town Watch
45:48 Wheelbarrow
Connection lost

Rejoining the realm…

Still unreachable

The connection could not be restored.

Session expired

The server has moved on; the page needs a fresh start.